 Dungeon Crawl Stone Soup version 0.17-a0-755-g4391640 (webtiles) character file.

3102 karvarausku the Thrower (level 9, 0/76 HPs)
             Began as an Ogre Arcane Marksman on Apr 22, 2015.
             Was a Follower of Okawaru.
             Slain by a killer bee (9 damage)
             ... on level 7 of the Dungeon.
             The game lasted 00:46:39 (11485 turns).

karvarausku the Thrower (Ogre Arcane Marksman)     Turns: 11485, Time: 00:46:40

Health: 0/76       AC:  4    Str: 19    XL:     9   Next: 90%
Magic:  20/20      EV: 10    Int: 14    God:    Okawaru [*.....]
Gold:   339        SH:  0    Dex:  9    Spells: 3 memorised, 16 levels left

rFire  x . .     SeeInvis .     G - +1 giant spiked club
rCold  + . .     Clarity  .     n - +0 robe {The robe of the messiah}
rNeg   . . .     SustAb   .     (no shield)
rPois  +         Gourm    .     (helmet restricted)
rElec  .         Spirit   .     R - +0 cloak
rCorr  .         Warding  .     (gloves unavailable)
rMut   .         Stasis   .     (boots unavailable)
MR     .....                    (no amulet)
Stlth  +.........               O - ring of ice
                                z - ring of poison resistance

@: lethally poisoned (0 -> -2), drained, not resistant to hostile enchantments,
very unstealthy
A: unfitting armour, tough skin 1
a: Heroism, Renounce Religion


You were on level 7 of the Dungeon.
You worshipped Okawaru.
Okawaru was aware of your devotion.
You were not hungry.

You visited 2 branches of the dungeon, and saw 9 of its levels.

You collected 339 gold pieces.

Inventory:

Hand weapons
 i - a +0 mace
 j - a cursed -2 mace
 B - a +0 giant club
 E - a +0 rapier
 G - a +1 giant spiked club (weapon)
 N - a +0 giant spiked club
 S - a +1 hammer of crushing
Missiles
 w - 80 stones (quivered)
 L - a throwing net
Armour
 a - a +0 robe
 h - a +0 robe
 m - a +1 pair of boots
 n - a +0 robe (worn) {The robe of the messiah}
 R - a +0 cloak (worn)
Jewellery
 z - a ring of poison resistance (left hand)
 O - a ring of ice (right hand)
 Q - an uncursed ring of protection from cold {unknown}
Magical devices
 c - a wand of magic darts (19)
 f - a wand of paralysis (3)
 D - a wand of cold (7)
 P - a wand of flame (16)
Scrolls
 g - 4 scrolls of identify
 k - 2 scrolls of enchant weapon
 l - 3 scrolls of magic mapping
 q - 2 scrolls of teleportation {unknown}
 t - 2 scrolls of remove curse {unknown}
 u - 2 scrolls of fear {unknown}
 v - a scroll of recharging {unknown}
 y - a scroll of immolation {unknown}
 F - a scroll of silence {unknown}
 H - 3 scrolls of random uselessness {unknown}
Potions
 r - a potion of brilliance
 A - a potion of poison {unknown}
 I - a potion of restore abilities {unknown}
 J - a potion of cure mutation {unknown}
Books
 d - a book of Debilitation

   Spells                             Type                      Level
   a - Corona                         Hexes                        1
   b - Slow                           Hexes                        2
   c - Gell's Gravitas                Hexes/Translocation          3
   d - Inner Flame                    Hexes/Fire                   3
   e - Cause Fear                     Hexes                        4
   f - Leda's Liquefaction            Hexes/Earth                  4
Comestibles
 e - 4 bread rations
 x - 2 meat rations


   Skills:
 - Level 1.3(0.8) Fighting
 + Level 6.6(6.0) Maces & Flails
 + Level 8.7(8.0) Throwing
 + Level 2.8(2.3) Dodging
 + Level 7.4(6.8) Spellcasting
 + Level 5.5(4.9) Hexes


You had 16 spell levels left.
You knew the following spells:

 Your Spells              Type           Power        Failure   Level  Hunger
a - Corona                Hex            ###....      1%          1    None
b - Slow                  Hex            ###.....     2%          2    #......
c - Inner Flame           Hex/Fire       #.......     17%         3    ##.....


Dungeon Overview and Level Annotations

Branches:
Dungeon (8/15)             Temple (1/1) D:6
   Lair: D:8-11

Altars:
Ashenzari
Cheibriados
Dithmenos
Elyvilon
Fedhas
Gozag
Kikubaaqudgha
Makhleb
Nemelex Xobeh
Okawaru
Qazlal
Ru
Sif Muna
Trog
Vehumet
Xom
Yredelemnul
Zin
The Shining One


Innate Abilities, Weirdness & Mutations

You are too large for most types of armour.
You have tough skin (AC +1).


Message History

A quokka comes into view.
You miss the killer bee.
You feel sick. The killer bee stings you. The killer bee closely misses you.
The killer bee completely misses you.
You closely miss the killer bee.
You feel sick. The killer bee closely misses you. The killer bee misses you.
The killer bee closely misses you.
You closely miss the killer bee.
You feel sick.
The killer bee stings you but does no damage.
The killer bee stings you!
* * * LOW HITPOINT WARNING * * *
The killer bee stings you.
* * * LOW HITPOINT WARNING * * *
You are too injured to fight recklessly!
Read which item? (? for menu, Esc to quit)
As you read the scroll labeled XOGIFEG GYACW, it crumbles to dust.
It is a scroll of enchant weapon.
Enchant which weapon? (? for menu, Esc to quit)
Your +0 giant spiked club glows red for a moment.
The killer bee stings you!
You die...

####.#######.##.# #.# #....# #
#.# ####(.###### #>#
###...........
#####.####...##.(#####.
#########.....#....####_(.# #.
##.....##........#######[#.####.
#..............†.# #.......((.
#.............r@.#####.#y#......
#...............y##.>.((......[#
#...........((.).((y.(##.....###
#...†............#######.(.....#
#.......#.......##### #>......#
##.....#............####.......#
#######.........##...#..#######
#.........######### #
#.........# #


You could see a killer bee and a quokka.

Vanquished Creatures
  The ghost of oplop the Sneak, an experienced VSEn (D:6)
  Eustachio (D:6)
  The ghost of SosiskaBagetyon the Slasher, an average HOFi (D:3)
  Duvessa (D:6)
  An ice beast (D:7)
  An orc warrior (D:3)
  A black bear (D:6)
  A phantom (D:5)
  4 ogres
  3 centaurs
  3 giant frogs
  Dowan (D:6)
  5 wights
  2 killer bees
  2 crimson imps
  4 orc priests
  Crazy Yiuf (D:7)
  A centaur skeleton (D:4)
  2 hounds
  A quasit (D:6)
  An iguana (D:5)
  6 orc wizards
  4 worker ants
  2 hound zombies
  2 hound skeletons
  12 adders
  6 gnolls
  A white imp (D:6)
  2 shadow imps
  2 oozes
  An adder zombie (D:5)
  2 worms
  8 giant geckos
  32 orcs
  A ball python (D:3)
  2 bat skeletons (D:4)
  A bat zombie (D:7)
  3 giant cockroaches
  20 goblins
  11 hobgoblins
  7 jackals
  16 kobolds
  2 quokkas
  14 bats
  8 giant newts
  A jackal skeleton (D:4)
  15 rats
  3 rat zombies (D:7)
222 creatures vanquished.

Notes
Turn   | Place    | Note
--------------------------------------------------------------
     0 | D:1      | karvarausku, the Ogre Arcane Marksman, began the quest for the Orb.
     0 | D:1      | Reached XP level 1. HP: 19/19 MP: 2/2
   155 | D:1      | Reached XP level 2. HP: 9/27 MP: 3/3
   374 | D:1      | Reached skill level 3 in Throwing
   975 | D:1      | Reached XP level 3. HP: 31/33 MP: 4/4
  1106 | D:2      | Found a snail-covered altar of Cheibriados.
  1206 | D:2      | Reached skill level 4 in Throwing
  1891 | D:3      | Noticed an orc warrior
  1900 | D:3      | Killed an orc warrior
  1900 | D:3      | Reached XP level 4. HP: 41/41 MP: 3/7
  1900 | D:3      | Reached XP level 5. HP: 48/48 MP: 3/8
  1914 | D:3      | Found a sacrificial altar of Ru.
  1926 | D:2      | Reached skill level 5 in Throwing
  2454 | D:3      | Noticed SosiskaBagetyon's ghost (average HOFi)
  2686 | D:2      | Learned a level 2 spell: Slow
  2759 | D:3      | Reached XP level 6. HP: 11/55 MP: 7/10
  3046 | D:3      | Killed SosiskaBagetyon's ghost
  3374 | D:3      | Found a shattered altar of Ashenzari.
  3659 | D:4      | Reached XP level 7. HP: 38/62 MP: 10/12
  3990 | D:4      | Found a sparkling altar of Nemelex Xobeh.
  4008 | D:4      | Found a deep blue altar of Sif Muna.
  4197 | D:4      | Reached skill level 6 in Throwing
  4610 | D:5      | Entered Level 5 of the Dungeon
  5187 | D:5      | Reached skill level 5 in Spellcasting
  5559 | D:5      | Found an opulent altar of Gozag.
  5616 | D:5      | Reached skill level 1 in Maces & Flails
  5616 | D:5      | Reached XP level 8. HP: 67/70 MP: 12/15
  5677 | D:5      | Reached skill level 7 in Throwing
  5701 | D:5      | Found a staircase to the Ecumenical Temple.
  6095 | D:6      | Noticed Eustachio
  6110 | D:6      | Killed Eustachio
  6431 | D:6      | Noticed oplop's ghost (experienced VSEn)
  6561 | D:6      | Found a staircase to the Ecumenical Temple.
  6572 | Temple   | Entered the Ecumenical Temple
  6778 | D:6      | Noticed Duvessa
  6778 | D:6      | Noticed Dowan
  6798 | D:6      | Killed Duvessa
  6841 | D:6      | Killed Dowan
  7580 | D:6      | Reached XP level 9. HP: 49/76 MP: 16/18
  7918 | D:6      | Reached skill level 5 in Hexes
  8030 | D:7      | Found an iron altar of Okawaru.
  8040 | D:7      | Became a worshipper of Warmaster Okawaru
  8352 | D:6      | Reached skill level 8 in Throwing
  8386 | D:7      | Reached skill level 5 in Maces & Flails
  8390 | D:7      | Found a burning altar of Makhleb.
  8510 | D:7      | Learned a level 3 spell: Inner Flame
  8590 | D:7      | Found an ancient bone altar of Kikubaaqudgha.
  8654 | D:7      | Found a glowing golden altar of the Shining One.
  8763 | D:7      | Found a shimmering altar of Xom.
  8827 | D:7      | Noticed Crazy Yiuf
  8837 | D:7      | Killed Crazy Yiuf
  8965 | D:7      | HP: 2/76 [centaur/arrow (8)]
  9974 | D:8      | Found a radiant altar of Vehumet.
 10513 | D:6      | Acquired Okawaru's first power
 11219 | D:6      | Killed oplop's ghost
 11485 | D:7      | Slain by a killer bee

Action                   |  1- 3 |  4- 6 |  7- 9 || total
-------------------------+-------+-------+-------++-------
Melee: Unarmed           |   102 |       |       ||   102
       Mace              |    60 |    34 |    47 ||   141
       Giant club        |       |       |    43 ||    43
       Giant spiked club |       |       |   166 ||   166
Throw: Large rock        |    20 |    49 |   134 ||   203
       Throwing net      |     1 |     3 |     5 ||     9
       Stone             |       |    40 |   129 ||   169
 Cast: Corona            |    17 |    18 |   104 ||   139
       Slow              |       |     4 |    13 ||    17
Evoke: Wand              |       |       |     8 ||     8
  Use: Potion            |       |     2 |     6 ||     8
       Scroll            |       |     1 |     2 ||     3
 Stab: Paralysed         |       |       |     3 ||     3
  Eat: Chunk             |     2 |     6 |    15 ||    23
       Pizza             |     1 |       |     2 ||     3
       Bread ration      |       |       |     2 ||     2
